 Dungeon Crawl Stone Soup version 0.30.1-11-g7821555f0a (webtiles) character file.

Game seed: 13299011532691162143

948 ChrisAssaf the Sneak (level 7, -1/84 HPs)
             Began as a White Draconian Enchanter on Dec 11, 2023.
             Was an Initiate of Gozag.
             Slain by a killer bee (4 damage)
             ... on level 5 of the Dungeon.
             The game lasted 00:19:35 (4707 turns).

ChrisAssaf the Sneak (White Draconian Enchanter)    Turns: 4707, Time: 00:19:35

Health: -1/84      AC: 23    Str: 14    XL:     7   Next: 89%
Magic:  12/12      EV:  2    Int: 17    God:    Gozag
Gold:   626        SH:  0    Dex: 10    Spells: 1/13 levels left

rFire   . . .        c - +1 dagger (venom)
rCold   . . .        (no shield)
rNeg    . . .        (body armour unavailable)
rPois   +            (helmet currently unavailable)
rElec   .            o - melded scarf {rC+ rF+}
rCorr   .            (gloves currently unavailable)
SInv    +            (boots currently unavailable)
Will    .....        (no amulet)
Stlth   +++          f - ring of see invisible
HPRegen 0.34/turn    (no ring)
MPRegen 0.13/turn

%: no passive effects
@: lethally poisoned (-1 -> -27), tree-form, invisible
A: stationary, stasis, torment immunity, boosted hp, (breathe frost), AC +6,
unfitting armour, (cold resistance 1), (cold-blooded), (hooves 1), strong 1
a: Renounce Religion, Potion Petition, Call Merchant, Bribe Branch


You were on level 5 of the Dungeon.
You worshipped Gozag.
Gozag was pleased with you.
You were a tree.
You visited 2 branches of the dungeon, and saw 6 of its levels.

You collected 686 gold pieces.
You paid 60 gold pieces to Gozag.

Inventory:

Hand Weapons
 a - a +2 dagger
 c - a +1 dagger of venom (weapon)
 m - a +0 dagger
Armour
 o - a scarf of resistance (melded)
Jewellery
 f - a ring of see invisible (left branch)
Scrolls
 g - a scroll of butterflies
 l - a scroll of amnesia
 n - a scroll of brand weapon {unknown}
 q - a scroll of blinking {unknown}
Potions
 d - a potion of lignification
 e - 2 potions of mutation
 h - 2 potions of curing {unknown}
 i - 2 potions of heal wounds {unknown}
 j - a potion of might {unknown}
 k - a potion of magic {unknown}
 p - a potion of resistance {unknown}


   Skills:
 * Level 2.7 Fighting
 * Level 2.8 Short Blades
 * Level 3.1 Dodging
 * Level 5.3 Stealth
 * Level 3.6 Spellcasting
 * Level 1.2 Conjurations
 * Level 4.1 Hexes
 * Level 1.0 Necromancy
 * Level 2.8 Ice Magic


You had one spell level left.
You knew the following spells:

 Your Spells              Type           Power      Damage    Failure   Level
a - Ensorcelled Hibernat  Hex/Ice        30%        N/A       6%          2
b - Tukima's Dance        Hex            17%        N/A       9%          3
c - Confusing Touch       Hex            17%        N/A       9%          3
d - Frozen Ramparts       Ice            24%        1d4       16%         3
e - Kiss of Death         Conj/Necr      24%        2d7       11%         1

Your spell library contained the following spells:

 Spells                   Type           Power      Damage    Failure   Level
 Freeze                   Ice            48%        1d6       4%          1
 Foxfire                  Conj/Fire      20%        2x1d5     13%         1
 Shock                    Conj/Air       20%        1d4       13%         1
 Dazzling Flash           Conj/Hex       24%        N/A       16%         3
 Static Discharge         Conj/Air       10%        2-3/arc   19%         2
 Cigotuvi's Dreadful Rot  Necr/Pois/Air  8%         N/A       22%         2
 Hailstorm                Conj/Ice       10%        3d5       22%         3
 Inner Flame              Hex/Fire       10%        N/A       22%         3
 Summon Guardian Golem    Hex/Summ       10%        N/A       22%         3
 Passwall                 Tmut/Erth      2%         N/A       26%         2
 Stone Arrow              Conj/Erth      10%        3d7       36%         3
 Spider Form              Tmut/Pois      3%         N/A       45%         3
 Vhi's Electric Charge    Tloc/Air       6%         N/A       45%         3
 Volatile Blastmotes      Fire/Tloc      6%         2d10      45%         3
 Anguish                  Hex/Necr       5%         N/A       50%         4
 Dispel Undead            Necr           6%         3d8       71%         4
 Iskenderun's Mystic Bla  Conj/Tloc      5%         2d3       77%         4
 Yara's Violent Unravell  Hex/Tmut       5%         3d4       89%         5
 Iskenderun's Battlesphe  Conj           7%         2d6       95%         5
 Arcjolt                  Conj/Air       2%         1d12      98%         5
 Death Channel            Necr           3%         N/A       100%        6
 Plasma Beam              Fire/Air       1%         2x1d12    100%        6
 Starburst                Conj/Fire      2%         6d3       100%        6
 Enfeeble                 Hex            8%         N/A       100%        7
 Orb of Destruction       Conj           3%         9d5       100%        7
 Spellforged Servitor     Conj/Summ      2%         N/A       100%        7
 Shatter                  Erth           1%         3d6*      100%        9


Dungeon Overview and Level Annotations

Branches:
Dungeon (5/15)             Temple (1/1) D:4

Altars:
Ashenzari
Dithmenos
Fedhas
Gozag
Hepliaklqana
Kikubaaqudgha
Makhleb
Nemelex Xobeh
Okawaru
Qazlal
Ru
Sif Muna
Trog
Uskayaw
Vehumet
Wu Jian
Xom
Yredelemnul
Zin
The Shining One


Innate Abilities, Weirdness & Mutations

You are a tree.
Your roots penetrate the ground, keeping you stationary.
You cannot be teleported.
You are immune to unholy pain and torment.
Your maximum health is greatly increased.
Your equipment is partially melded.
((You can breathe waves of freezing cold which knock back foes.))
((Your icy white scales are hard. (AC +6)))
You cannot fit into any form of body armour.
((Your flesh is cold resistant. (rC+)))
((You are cold-blooded and may be slowed by cold attacks.))
((You have large cloven feet.))
Your muscles are strong. (Str +4, Int/Dex -1)


Message History

You are more poisoned.
The killer bee poisons you!
The killer bee buzzes angrily.
You hit the killer bee but do no damage.
The killer bee is poisoned.
Your kick misses the killer bee.
Your tail-slap misses the killer bee.
You feel very sick. The killer bee stings you.
You are more poisoned.
The killer bee poisons you!
The killer bee stings you but does no damage.
The killer bee closely misses you. The killer bee barely misses you. x2
The killer bee closely misses you. The killer bee stings you.
* * * LOW HITPOINT WARNING * * *
The killer bee closely misses you.
You fade into invisibility!
* * * LOW HITPOINT WARNING * * *
You feel very sick. The killer bee closely misses you.
The killer bee barely misses you. The killer bee closely misses you.
The killer bee misses you. The killer bee barely misses you.
The killer bee stings you.
* * * LOW HITPOINT WARNING * * *
You are more poisoned.
The killer bee poisons you!
The killer bee stings you but does no damage.
The killer bee stings you.
* * * LOW HITPOINT WARNING * * *
You are more poisoned.
The killer bee poisons you!
It was a potion of lignification.
You turn into a tree.
Your scarf of resistance melds into your body.
You feel hot and cold all over.
Your roots penetrate the ground.
* * * LOW HITPOINT WARNING * * *
You feel extremely sick.
The killer bee stings you but does no damage. x3
The killer bee completely misses you.
The killer bee stings you but does no damage.
The killer bee stings you.
You die...
Your body crumbles into a pile of gold.

.. ...........#
##### #.....$...#
.....##.........#
......#.........#
.....)..........#
................#
.......#.......##
.......##.....yy##
....... ##....yy♣#
....... #)≈≈.☼yy#
......####.≈≈.≈≈.#
...........≈≈§§○.#
#########..≈≈§≈≈.#
).#####....≈≈≈≈≈.#
#..##...)#.......#
##).#.##.....#####
......########


You could see 6 killer bees.

Vanquished Creatures
  Sigmund (D:2)
  A water moccasin (D:5)
  An ogre (D:5)
  A centaur (D:5)
  4 scorpions
  3 iguanas
  An orc wizard (D:5)
  7 adders
  An ufetubus (D:5)
  3 worms
  7 dart slugs
  9 orcs (D:5)
  10 endoplasms
  3 giant cockroaches
  2 goblins
  8 hobgoblins
  4 jackals (D:1)
  8 kobolds
  3 quokkas
  4 ball pythons
  13 bats
  A frilled lizard (D:2)
  5 rats
100 creatures vanquished.

Vanquished Creatures (collateral kills)
  A kobold (D:3)
1 creature vanquished.

Vanquished Creatures (others)
  2 dancing weapons
2 creatures vanquished.

Grand Total: 103 creatures vanquished

Notes
Turn   | Place    | Note
-------+----------+-------------------------------------------
     0 | D:1      | ChrisAssaf the Draconian Enchanter began the quest for the
                  | Orb.
     0 | D:1      | Reached XP level 1. HP: 14/14 MP: 3/3
   145 | D:1      | Reached XP level 2. HP: 16/22 MP: 5/5
   148 | D:1      | Learned a level 2 spell: Ensorcelled Hibernation
   291 | D:2      | Reached skill level 3 in Stealth
   337 | D:2      | Reached XP level 3. HP: 19/27 MP: 6/6
   341 | D:2      | Learned a level 3 spell: Tukima's Dance
   789 | D:3      | Gained mutation: Your muscles are strong. (Str +4, Int/Dex
                  | -1) [potion of mutation]
   789 | D:3      | Gained mutation: You have large cloven feet. [potion of
                  | mutation]
  1133 | D:3      | Reached XP level 4. HP: 34/34 MP: 7/7
  1302 | D:4      | Found a staircase to the Ecumenical Temple.
  1321 | Temple   | Entered the Ecumenical Temple
  1459 | Temple   | Became a worshipper of Gozag Ym Sagoz the Greedy
  1503 | D:4      | Reached skill level 1 in Fighting
  1584 | D:4      | Learned a level 3 spell: Confusing Touch
  1710 | D:4      | Found a stormy altar of Qazlal.
  1956 | D:4      | Found a sacrificial altar of Ru.
  1960 | D:4      | Noticed a scorpion
  1977 | D:4      | Killed a scorpion
  1978 | D:4      | Reached skill level 1 in Ice Magic
  1978 | D:4      | Reached XP level 5. HP: 40/40 MP: 1/9
  2084 | D:4      | Reached skill level 4 in Stealth
  2087 | D:4      | Reached XP level 6. HP: 46/48 MP: 1/10
  2829 | D:2      | Noticed Sigmund
  3311 | D:2      | Killed Sigmund
  3312 | D:2      | Your scales start taking on an icy white colour.
  3312 | D:2      | Reached XP level 7. HP: 54/55 MP: 7/11
  3312 | D:2      | Gained mutation: Your flesh is cold resistant. (rC+) [White
                  | Draconian growth]
  3605 | D:1      | Learned a level 3 spell: Frozen Ramparts
  3607 | D:1      | Learned a level 1 spell: Kiss of Death
  3850 | D:1      | Identified a scroll of acquirement
  3851 | D:1      | Acquired Fesch's Folio of Violent Spelunking
  3950 | D:5      | Entered Level 5 of the Dungeon
  4109 | D:5      | Reached skill level 5 in Stealth
  4443 | D:5      | Found a hazy altar of Hepliaklqana.
  4467 | D:5      | Reached skill level 1 in Conjurations
  4662 | D:5      | Found a shimmering blue altar of Sif Muna.
  4680 | D:5      | Reached skill level 1 in Necromancy
  4707 | D:5      | HP: 3/84 [poisoned by a killer bee]
  4707 | D:5      | Slain by a killer bee

Illustrated notes

Levels and vault maps discovered:
D:1:      dpeg_arrival_water_temple_mockup, layout_basic
D:2:      layout_basic, kennysheep_generic_room_9, uniq_sigmund
D:3:      layout_loops_corners
D:4:      old_forge, layout_loops_ring, amcnicky_altar_gilded,
          general_overflow_altar, minmay_temple_entry_slanted,
          minmay_fractal_squares_gapless_5
D:5:      layout_rooms, nicolae_hepliaklqana_hazy_memory,
          nicolae_sif_muna_condensation
Temple:   compressed_dpeg_triangle_lava_temple

Skill      XL: |  1  2  3  4  5  6  7 |
---------------+----------------------+-----
Dodging        | 2 3 |  3.1
Hexes          | 3 4 |  4.1
Stealth        | 3 4 5 |  5.3
Fighting       | 1 2 |  2.7
Ice Magic      | 1 2 |  2.8
Short Blades   | 2 |  2.8
Spellcasting   | 3 |  3.6
Conjurations   | 1 |  1.2
Necromancy     | 1 |  1.0

Action                     |  1- 3 |  4- 6 |  7- 9 || total
---------------------------+-------+-------+-------++-------
  Melee: Dagger            |    68 |    79 |    46 ||   193
         Tailslap          |     6 |    10 |     3 ||    19
         Punch             |     2 |     1 |     2 ||     5
         Kick              |     1 |    18 |    10 ||    29
   Cast: Ensorcelled Hiber |     9 |    16 |     8 ||    33
         Tukima's Dance    |     3 |     5 |     3 ||    11
         Frozen Ramparts   |       |       |     2 ||     2
Ability: Breathe Frost     |       |       |    11 ||    11
    Use: Scroll            |     6 |     2 |     4 ||    12
         Potion            |     2 |       |     2 ||     4
   Stab: Invisible         |     2 |       |       ||     2
         Sleeping          |    10 |    22 |     6 ||    38
 Armour: Skin              |    30 |    35 |    31 ||    96
  Dodge: Dodged            |    49 |    57 |    75 ||   181
